 Dungeon Crawl Stone Soup version 0.20-a0-548-g4f8a798 (webtiles) character file.

37 volk64 the Skirmisher (level 3, -1/30 HPs)
             Began as a Barachian Fighter on Feb 1, 2017.
             Slain by a rat (4 damage)
             ... on level 2 of the Dungeon.
             The game lasted 00:02:28 (1508 turns).

volk64 the Skirmisher (Barachian Fighter)           Turns: 1508, Time: 00:02:28

Health: -1/30      AC:  7    Str: 15    XL:     3   Next: 39%
Magic:  3/3        EV:  6    Int:  6    God:
Gold:   85         SH:  8    Dex: 10    Spells: 2/2 levels left

rFire    . . .     SeeInvis .   a - +0 trident
rCold    . . .     Gourm    .   b - +0 scale mail
rNeg     . . .     Faith    .   c - +0 shield
rPois    .         Spirit   .   (no helmet)
rElec    .         Reflect  .   (no cloak)
rCorr    .         Harm     .   (no gloves)
MR       .....                  (no boots)
Stlth    ..........             (no amulet)
Regen    0.1/turn               (no ring)
                                m - ring of loudness (curse)

@: slow
A: swims, slowness 1, strong legs 1
a: Hop


You were on level 2 of the Dungeon.
You were not hungry.

You visited 1 branch of the dungeon, and saw 2 of its levels.

You collected 85 gold pieces.

Inventory:

Hand Weapons
 a - a +0 trident (weapon)
Armour
 b - a +0 scale mail (worn)
 c - a +0 shield (worn)
Jewellery
 m - a cursed ring of loudness (left hand)
 p - a cursed -4 ring of dexterity {unknown}
Scrolls
 e - a scroll of fear {unknown}
 i - a scroll of teleportation {unknown}
 k - 2 scrolls of fog {unknown}
 l - 2 scrolls of identify {unknown}
Potions
 d - a potion of might
 g - a potion of invisibility {unknown}
 j - 2 potions of degeneration {unknown}
 n - a potion of curing {unknown}
 o - a potion of heal wounds {unknown}
 r - a potion of berserk rage {unknown}
Comestibles
 f - a bread ration
 h - a chunk of flesh
 q - a royal jelly


   Skills:
 + Level 3.8 Fighting
 + Level 2.1 Polearms
 + Level 3.7 Armour
 + Level 3.4 Shields


You had 2 spell levels left.
You didn't know any spells.

Dungeon Overview and Level Annotations

Branches:
Dungeon (2/15)

Altars:
Trog


Innate Abilities, Weirdness & Mutations

You can swim through water.
You cover ground slowly.
You can hop short distances.


Message History

The rat barely misses you. The worm bites you! The rat bites you.
The moth of wrath goads the rat on!
The rat goes berserk!
The rat bites you.
You barely miss the rat.
The rat is almost dead.
The rat bites you but does no damage. x2; You block the worm's attack.
The rat bites you but does no damage. The rat barely misses you.
The rat bites you but does no damage. You block the worm's attack.
The moth of wrath goads the rat on!
The rat goes berserk!
You hit the rat but do no damage.
The rat is almost dead.
The rat bites you but does no damage. You block the rat's attack. x3
The rat bites you but does no damage. The rat bites you. The worm bites you!
* * * LOW HITPOINT WARNING * * *
The rat bites you but does no damage. x2; You block the rat's attack.
The rat closely misses you. The rat bites you but does no damage.
The rat bites you.
* * * LOW HITPOINT WARNING * * *
You block the rat's attack. The rat bites you but does no damage.
The moth of wrath goads the worm on!
The worm goes berserk!
The rat bites you.
You die...

...#.# .....# ..#..#
.....# ###### #.#)##
##....### #...#
##.......## ##..# ###
#.w.......# #..# #..
#.rrw#...)# #..#
#.#####.@r###...)
#..#####.##......#y#._.)
##.....##.##.##...###..).
.............##....#....#
##.###.#.##.###.........#
#. #.#.##.# ##.......##
#. #.#.##.# ##....### #.
#...)..# ##### #.
#...##.#


You could see a moth of wrath, 2 worms and 3 rats.

Vanquished Creatures
  A leopard gecko (D:1)
  A giant cockroach (D:1)
  7 hobgoblins
  3 jackals
  4 kobolds (D:1)
  7 bats
  3 frilled lizards
  4 goblins (D:1)
  3 rats (D:1)
33 creatures vanquished.

Notes
Turn   | Place    | Note
-------+----------+-------------------------------------------
     0 | D:1      | volk64 the Barachian Fighter began the quest for the Orb.
     0 | D:1      | Reached XP level 1. HP: 18/18 MP: 1/1
   352 | D:1      | Reached XP level 2. HP: 20/24 MP: 2/2
   992 | D:1      | Reached XP level 3. HP: 23/29 MP: 3/3
  1493 | D:2      | Noticed a moth of wrath
  1498 | D:2      | Found a bloodstained altar of Trog.
  1508 | D:2      | Slain by a rat

Vault maps used:
D:1:      dpeg_cavernosity
D:2:      minmay_door_path, marbit_many_paths, tgw_trog, uniq_terence

Skill      XL: |  1  2  3 |
---------------+----------+-----
Polearms       | 2 |  2.1
Fighting       | |  3.8
Armour         | |  3.7
Shields        | |  3.4

Action                   || total
-------------------------++-------
Melee: Trident           ||   136
  Eat: Chunk             ||     3
Armor: Scale mail        ||    78
Dodge: Dodged            ||    32
Block: Shield            ||    75
